 Dungeon Crawl Stone Soup version 0.30-a0-782-ge64f9170bb (webtiles) character file.

Game seed: 4733410096316037122

22043 Dirtsage the Grappler (level 12, -6/99 HPs)
             Began as a Demonspawn Fighter on Mar 2, 2023.
             Was a High Priest of Makhleb.
             Mangled by a death yak (15 damage)
             ... on level 2 of the Lair of Beasts on Mar 3, 2023.
             The game lasted 00:44:11 (13757 turns).

Dirtsage the Grappler (Demonspawn Fighter)         Turns: 13757, Time: 00:44:12

Health: -6/99      AC: 12    Str: 21    XL:     12   Next: 59%
Magic:  18/18      EV: 11    Int: 10    God:    Makhleb [*****.]
Gold:   566        SH:  6    Dex: 13    Spells: 11/11 levels left

rFire   . . .      SeeInvis +      - Unarmed
rCold   . . .      Faith    +    c - +0 buckler
rNeg    . . .      Spirit   .    U - +0 plate armour
rPois   .          Reflect  .    N - +0 helmet "Hero's Friend" {Slay+2}
rElec   .          Harm     .    (no cloak)
rCorr   .          Rampage  .    (no gloves)
Will    .....                    (no boots) Stlth
                                 B - amulet of faith
HPRegen 0.36/turn                S - ring of see invisible
MPRegen 0.16/turn                w - +5 ring of evasion

@: mighty, about to teleport
A: claws 1, powered by death 1, powered by pain 3, weakness stinger 1
a: Renounce Religion, Minor Destruction, Lesser Servant of Makhleb, Major
Destruction, Greater Servant of Makhleb


You were on level 2 of the Lair of Beasts.
You worshipped Makhleb.
Makhleb was extremely pleased with you.
You visited 3 branches of the dungeon, and saw 13 of its levels.

You collected 746 gold pieces.
You spent 180 gold pieces at shops.

Inventory:

Hand Weapons
 W - the +1 sling "Liucohupt" {freeze, rElec rPois rF+ rC+}
   (You found it on level 2 of the Lair of Beasts)

   rF:        It protects you from fire.
   rC:        It protects you from cold.
   rElec:     It insulates you from electricity.
   rPois:     It protects you from poison.
Missiles
 O - a curare-tipped dart (quivered)
Armour
 b - a +0 scale mail
 c - a +0 buckler (worn)
 s - a +0 tower shield
 y - a +0 chain mail
 M - a +0 helmet
 N - the +0 helmet "Hero's Friend" (worn) {Slay+2}
   (You found it on level 8 of the Dungeon)

   Slay:      It affects your accuracy & damage with ranged weapons and melee
   (+2).
 T - a +0 scale mail of cold resistance
 U - a +0 plate armour (worn)
Magical Staves
 E - a staff of air
 L - a staff of poison
 V - a staff of conjuration
Jewellery
 w - a +5 ring of evasion (right claw)
 x - a +4 ring of protection
 B - an amulet of faith (around neck)
 J - an amulet of reflection
 S - a ring of see invisible (left claw)
Wands
 D - a wand of digging (5)
 G - a wand of flame (44)
 R - a wand of paralysis (4)
Scrolls
 a - 2 scrolls of acquirement {unknown}
 e - 2 scrolls of brand weapon
 f - 2 scrolls of vulnerability
 g - 4 scrolls of fear
 i - a scroll of identify
 m - 3 scrolls of fog {unknown}
 n - 3 scrolls of poison
 p - a scroll of immolation {unknown}
 t - 3 scrolls of teleportation
 u - 2 scrolls of enchant weapon
 v - 2 scrolls of amnesia
 C - 2 scrolls of noise {unknown}
 F - a scroll of enchant armour
 I - a scroll of magic mapping {unknown}
 K - a scroll of blinking {unknown}
Potions
 d - 4 potions of might
 h - 2 potions of brilliance {unknown}
 j - 2 potions of lignification
 k - a potion of resistance {unknown}
 o - 3 potions of degeneration
 q - 4 potions of curing
 r - 2 potions of mutation
 z - a potion of invisibility {unknown}
 A - a potion of magic {unknown}
 H - 2 potions of berserk rage
 P - 2 potions of flight {unknown}
 Q - 2 potions of attraction


   Skills:
 + Level 10.7 Fighting
 - Level 2.5 Axes
 + Level 3.8 Armour
 + Level 2.3 Dodging
 + Level 8.0 Shields
 - Level 13.3 Unarmed Combat
 + Level 2.5 Transmutations
 * Level 8.4 Invocations


You had 11 spell levels left.
You didn't know any spells.
Your spell library contained the following spells:

 Spells                   Type           Power      Damage    Failure   Level
 Beastly Appendage        Tmut           10%        N/A       99%         1
 Wereblood                Tmut           5%         N/A       99%         2
 Ensorcelled Hibernation  Hex/Ice        0%         N/A       100%        2
 Passwall                 Tmut/Erth      1%         N/A       100%        2
 Spider Form              Tmut/Pois      2%         N/A       100%        3
 Swiftness                Air            0%         N/A       100%        3
 Alistair's Intoxication  Tmut/Pois      1%         N/A       100%        5
 Borgnjor's Vile Clutch   Necr/Erth      0%         N/A       100%        5
 Eringya's Noxious Bog    Tmut/Pois      1%         N/A       100%        6


Dungeon Overview and Level Annotations

Branches:
Dungeon (10/15)            Temple (1/1) D:5            Lair (2/5) D:10
  Snake (0/4) Lair:2          Orc (0/2) D:9
  Swamp: Lair:2-3    Shoals: Lair:2-3

Altars:
Ashenzari
Cheibriados
Dithmenos
Fedhas
Gozag
Hepliaklqana
Kikubaaqudgha
Makhleb
Nemelex Xobeh
Okawaru
Qazlal
Ru
Sif Muna
Trog
Uskayaw
Vehumet
Wu Jian
Xom
Yredelemnul
Lugonu

Shops:
D:2 [   D:7 *

Annotations:
D:8 exclusion: orange crystal statue


Innate Abilities, Weirdness & Mutations

You have sharp fingernails.
You regenerate a little health from kills.
You are powered by pain.
You have a small tail.


Message History

The death yak is lightly wounded.
The death yak gores you.
You take 1 damage, and have 62/99 hp.
You scratch the death yak but do no damage.
The death yak is lightly wounded.
The death yak gores you!
You take 17 damage, and have 45/99 hp.
You scratch the death yak.
The death yak is lightly wounded.
The death yak gores you!!
* * * LOW HITPOINT WARNING * * *
You take 18 damage, and have 27/99 hp.
You claw the death yak!
You tail-slap the death yak, but do no damage.
The death yak is moderately wounded.
The death yak barely misses you.
You scratch the death yak. You tail-slap the death yak.
The death yak is heavily wounded.
You claw the death yak!
The death yak is heavily wounded.
The death yak gores you!!
* * * LOW HITPOINT WARNING * * *
You take 18 damage, and have 9/99 hp.
Okay, then.
Okay, then.
You feel much better. The death yak gores you!
* * * LOW HITPOINT WARNING * * *
You focus on the pain.
You feel very mighty all of a sudden.
You regained 16 hp, and now have 25/99 hp.
As you read the scroll of teleportation, it crumbles to dust.
You feel strangely unstable. The death yak gores you!
* * * LOW HITPOINT WARNING * * *
You focus on the pain.
You feel mightier all of a sudden. The death yak gores you.
* * * LOW HITPOINT WARNING * * *
You take 22 damage, and have 3/99 hp.
MASSIVE DAMAGE!!
You feel better. The death yak barely misses you. The death yak gores you!
You die...

~~....#..#†# #~~≈≈~.~~~≈..##.....
~.####...#.###.~≈~.>.~≈~~.###...#
.#####.###.....≈≈≈.~~~≈~.##.#..##
#.#P#######...~~≈~~≈≈≈~~.....P..#
......#........~~≈~≈≈≈~....#.....
.P...#........~~~~~~~~~.P......##
.P......#..#####...~~..~P......#
#..#.....### #...###..#...#.##
..###P..########@÷.# ###....###
#####P....#P#..Y#Y.####....#.#
.................##.##.....###
.................###...#.###
..##......#....#####.....#
####P##.#####P###......### ######
######..#..# ####^...####
#.......#


You could see 2 death yaks.

Vanquished Creatures
  2 two-headed ogres (D:10)
  3 death yaks (Lair:2)
  Nergalle (Lair:1)
  An ugly thing (D:10)
  4 elephants (Lair:2)
  A black mamba (Lair:1)
  Joseph (D:7)
  2 cane toads
  2 komodo dragons (Lair:2)
  2 rime drakes (Lair:2)
  A kobold demonologist (D:10)
  3 trolls
  7 hornets (Lair:1)
  A wraith (D:10)
  A shadow (D:9)
  Sigmund (D:2)
  2 wyverns
  3 basilisks (D:10)
  21 yaks
  A steam dragon (D:9)
  3 nagas (Lair:2)
  5 water moccasins
  Duvessa (D:7)
  2 ice beasts
  8 orc warriors
  A sky beast (D:7)
  4 ogres
  4 black bears
  8 wolves
  3 centaurs
  2 phantoms
  5 kobold brigands
  2 necrophages
  7 bullfrogs
  5 scorpions
  2 gnoll sergeants (D:9)
  9 wights
  Dowan (D:7)
  11 killer bees
  4 howler monkeys
  2 hounds (D:6)
  6 orc priests
  2 jellies (D:6)
  2 gnoll boudas
  8 iguanas
  Ijyb (D:3)
  11 orc wizards
  6 adders
  11 gnolls
  A white imp (D:7)
  An ufetubus (D:3)
  6 dart slugs
  48 orcs
  4 bats
  6 endoplasms
  4 giant cockroaches
  8 hobgoblins
  5 jackals
  8 quokkas
  8 ball pythons
  A frilled lizard (D:1)
  7 goblins
  11 kobolds
  3 rats
317 creatures vanquished.

Vanquished Creatures (collateral kills)
  A hydra (Lair:2)
1 creature vanquished.

Vanquished Creatures (others)
  9 demonic plants (D:10)
  7 fungi
  27 plants
43 creatures vanquished.

Grand Total: 361 creatures vanquished

Notes
Turn   | Place    | Note
-------+----------+-------------------------------------------
     0 | D:1      | Dirtsage the Demonspawn Fighter began the quest for the
                  | Orb.
     0 | D:1      | Reached XP level 1. HP: 18/18 MP: 1/1
   112 | D:1      | Discovered your monstrous ancestry.
   112 | D:1      | Gained mutation: You have a small tail. [demonic ancestry]
   112 | D:1      | Reached XP level 2. HP: 24/24 MP: 2/2
   158 | D:1      | Found a faded altar of an unknown god.
   314 | D:1      | Reached skill level 1 in Unarmed Combat
   470 | D:1      | Gained mutation: You have sharp fingernails. [demonic
                  | ancestry]
   470 | D:1      | Reached XP level 3. HP: 29/29 MP: 3/3
   881 | D:2      | Found Vimiarif's Armour Shoppe.
   910 | D:2      | Reached skill level 2 in Unarmed Combat
  1121 | D:2      | Noticed Sigmund
  1130 | D:2      | Killed Sigmund
  1131 | D:2      | Reached skill level 4 in Unarmed Combat
  1131 | D:2      | Gained mutation: You sometimes gain a little power by
                  | taking damage. [demonic ancestry]
  1131 | D:2      | Reached XP level 4. HP: 21/35 MP: 4/4
  1131 | D:2      | Reached XP level 5. HP: 24/41 MP: 5/5
  2059 | D:3      | Noticed Ijyb
  2070 | D:3      | Killed Ijyb
  2205 | D:3      | Reached XP level 6. HP: 41/47 MP: 6/6
  2211 | D:3      | Reached skill level 5 in Unarmed Combat
  3003 | D:4      | Found a hazy altar of Hepliaklqana.
  3165 | D:4      | Reached skill level 6 in Unarmed Combat
  3165 | D:4      | Gained mutation: You regenerate a little health from kills.
                  | [demonic ancestry]
  3165 | D:4      | Reached XP level 7. HP: 18/54 MP: 7/7
  4063 | D:5      | Entered Level 5 of the Dungeon
  4118 | D:5      | Found a staircase to the Ecumenical Temple.
  4153 | Temple   | Entered the Ecumenical Temple
  4327 | Temple   | Became a worshipper of Makhleb the Destroyer
  4403 | D:5      | Reached skill level 5 in Fighting
  4405 | D:5      | Reached skill level 7 in Unarmed Combat
  4423 | D:5      | Reached skill level 1 in Invocations
  4503 | D:5      | Reached XP level 8. HP: 62/62 MP: 8/8
  5049 | D:5      | Reached * piety under Makhleb
  5517 | D:6      | Reached skill level 8 in Unarmed Combat
  5795 | D:6      | Gained mutation: You sometimes gain power by taking damage.
                  | [demonic ancestry]
  5795 | D:6      | Reached XP level 9. HP: 61/69 MP: 12/12
  5851 | D:6      | Reached skill level 5 in Invocations
  6113 | D:6      | Reached ** piety under Makhleb
  6114 | D:6      | Reached skill level 9 in Unarmed Combat
  6669 | D:7      | Found Sowkil's Assorted Antiques.
  6731 | D:7      | Bought a scroll of identify for 40 gold pieces
  6731 | D:7      | Bought a runed sapphire amulet for 100 gold pieces
  6731 | D:7      | Bought a scroll of identify for 40 gold pieces
  6732 | D:7      | Noticed Duvessa
  6733 | D:7      | Noticed Dowan
  6748 | D:7      | Noticed Joseph
  6749 | D:7      | Killed Duvessa
  6753 | D:7      | Killed Dowan
  6768 | D:8      | Reached skill level 10 in Unarmed Combat
  7007 | D:7      | Killed Joseph
  7008 | D:7      | Reached XP level 10. HP: 15/79 MP: 14/14
  7459 | D:8      | Found a shadowy altar of Dithmenos.
  7658 | D:8      | Noticed an orange crystal statue
  7830 | D:8      | Identified the +0 helmet "Hero's Friend" {Slay+2}
  7934 | D:8      | Saving game... please wait.
  7981 | D:8      | Found an ancient bone altar of Kikubaaqudgha.
  7981 | D:8      | Found a blossoming altar of Fedhas.
  8251 | D:8      | Found an opulent altar of Gozag.
  8256 | D:8      | Found an ornate altar of the Wu Jian Council.
  8257 | D:8      | Found a sacrificial altar of Ru.
  8257 | D:8      | Found a radiant altar of Vehumet.
  8257 | D:8      | Found a basalt altar of Yredelemnul.
  8258 | D:8      | Found a bloodstained altar of Trog.
  8259 | D:8      | Found an iron altar of Okawaru.
  8260 | D:8      | Found a shimmering blue altar of Sif Muna.
  8261 | D:8      | Found a hide-covered altar of Uskayaw.
  8387 | D:9      | Reached *** piety under Makhleb
  9018 | D:9      | Reached skill level 11 in Unarmed Combat
  9186 | D:9      | Reached skill level 5 in Shields
  9224 | D:9      | Paralysed by a gnoll for 2 turns
  9398 | D:9      | Reached **** piety under Makhleb
  9727 | D:9      | Found a staircase to the Orcish Mines.
  9772 | D:10     | Entered Level 10 of the Dungeon
 10001 | D:10     | Noticed a two-headed ogre
 10009 | D:10     | Killed a two-headed ogre
 10213 | D:10     | Noticed a brown ugly thing
 10223 | D:10     | Killed a brown ugly thing
 10224 | D:10     | Gained mutation: You are powered by pain. [demonic
                  | ancestry]
 10224 | D:10     | Reached XP level 11. HP: 88/89 MP: 15/15
 10440 | D:10     | Reached skill level 12 in Unarmed Combat
 10630 | D:10     | Found a staircase to the Lair.
 10634 | D:10     | Noticed a two-headed ogre
 10640 | D:10     | Killed a two-headed ogre
 10784 | D:10     | Found a corrupted altar of Lugonu.
 11043 | D:9      | Reached ***** piety under Makhleb
 11278 | Lair:1   | Entered Level 1 of the Lair of Beasts
 11693 | Lair:1   | Reached skill level 10 in Fighting
 11695 | Lair:1   | Reached skill level 13 in Unarmed Combat
 11858 | Lair:1   | Saving game... please wait.
 12121 | Lair:1   | Reached XP level 12. HP: 97/97 MP: 16/16
 12253 | Lair:1   | Noticed Nergalle
 12278 | Lair:1   | Killed Nergalle
 12526 | Lair:2   | Noticed a five-headed hydra
 12546 | Lair:2   | Killed a five-headed hydra
 12547 | Lair:2   | Reached skill level 1 in Transmutations
 12620 | Lair:2   | Reached skill level 1 in Dodging
 12679 | Lair:2   | Identified the +1 sling "Liucohupt" {freeze, rElec rPois
                  | rF+ rC+}
 12925 | Lair:2   | Found a staircase to the Snake Pit.
 12948 | Lair:2   | HP: 3/98 [rime drake (5)]
 13337 | Lair:2   | Noticed a death yak
 13337 | Lair:2   | Noticed a death yak
 13338 | Lair:2   | Noticed a death yak
 13372 | Lair:2   | Killed a death yak
 13724 | Lair:2   | Noticed a death yak
 13728 | Lair:2   | Noticed a death yak
 13732 | Lair:2   | Killed a death yak
 13747 | Lair:2   | Killed a death yak
 13756 | Lair:2   | HP: 3/99 [death yak (5)]
 13757 | Lair:2   | Mangled by a death yak

Illustrated notes

Levels and vault maps discovered:
D:1:      psy_arrival_fountain, layout_basic, ebering_ecumenical_altar_mist
D:2:      layout_loops_cross, serial_shops, shop, uniq_sigmund
D:3:      layout_basic, uniq_ijyb
D:4:      layout_gridville, mainiacjoe_overflow_surrounded_room
D:5:      layout_loops_corners, elyvilon_altar_3, minmay_temple_entry_junction,
          kennysheep_cluttered_room, guppyfry_early_orc_mine
D:6:      layout_loops_cross, minivault_26
D:7:      layout_cave_pools, serial_shops, shop_fountains, uniq_duvessa,
          uniq_joseph
D:8:      layout_basic, grunt_temple_overflow_growth_and_decay, minitemple,
          serial_bayou_pond_d, disabler_island
D:9:      layout_cave_pods, kennysheep_orc_monster_closet_entryway
D:10:     kennysheep_kobold_lugonu_temple, layout_basic,
          minmay_lair_entry_grove, lightli_fourway_metalbox
Temple:   nicolae_temple_superstar
Lair:1:   layout_regular_city, dreamdust_wasp_nest, uniq_nergalle
Lair:2:   layout_concentric_octagons, nicolae_swamp_entry_splash_gauntlet,
          guppyfry_snake_entry_island, chequers_serial_rivers_micro_d,
          infiniplex_staircase_pool_2

Skill      XL: |  1  2  3  4  5  6  7  8  9 10 11 12 |
---------------+-------------------------------------+-----
Axes           | 2 |  2.5
Unarmed Combat | 1 4 6 7 8 10 11 13 | 13.3
Fighting       | 4 5 6 7 9 10 | 10.7
Invocations    | 1 4 6 8 |  8.4
Shields        | 3 5 7 8 |  8.0
Transmutations | 2 |  2.5
Armour         | 3 |  3.8
Dodging        | 2 |  2.3

Action                     |  1- 3 |  4- 6 |  7- 9 | 10-12 || total
---------------------------+-------+-------+-------+-------++-------
  Melee: War axe           |    48 |       |       |       ||    48
         Tailslap          |     6 |    22 |    45 |   103 ||   176
         Unarmed           |    34 |   134 |   326 |   609 ||  1103
  Throw: Dart              |       |       |       |     1 ||     1
 Invoke: Lesser Servant of |       |       |       |     3 ||     3
  Evoke: Wand              |       |       |     1 |     8 ||     9
    Use: Potion            |     1 |       |     1 |    10 ||    12
         Scroll            |       |       |     5 |    10 ||    15
 Armour: Scale mail        |    27 |    35 |    39 |       ||   101
         Chain mail        |       |       |    85 |   185 ||   270
         Plate armour      |       |       |       |    82 ||    82
         Skin              |       |       |       |    12 ||    12
  Dodge: Dodged            |    29 |    40 |    90 |   205 ||   364
  Block: Buckler           |    20 |    21 |    42 |   149 ||   232

Table legend: (Time is in decaauts)
 A = Elapsed time spent in this place.
 B = Non-inter-level travel time spent in this place.
 C = Inter-level travel time spent in this place.
 D = Time resting spent in this place.
 E = Time spent auto-exploring this place.
 F = Levels seen in this place.
 G = Mean time per level.
                   A        B        C        D        E       F      G
               +--------+--------+--------+--------+--------+-----+--------+
         Total |  13658 |  13317 |    341 |   1441 |   9483 |  13 | 1050.6 |
       Dungeon |  11035 |  10737 |    298 |   1104 |   7777 |  10 | 1103.5 |
        Temple |    183 |    175 |      8 |     71 |     51 |   1 |  183.0 |
          Lair |   2439 |   2405 |     34 |    266 |   1655 |   2 | 1219.5 |
               +--------+--------+--------+--------+--------+-----+--------+

Top non-repeatable levels by time:
     D:4: 1521 daAuts
     D:8: 1473 daAuts
     D:9: 1336 daAuts
  Lair:2: 1309 daAuts
    D:10: 1183 daAuts
     D:5: 1179 daAuts
     D:6: 1165 daAuts
  Lair:1: 1130 daAuts
     D:3: 946 daAuts
     D:1: 848 daAuts
     D:2: 756 daAuts
     D:7: 623 daAuts
  Temple: 183 daAuts
